 Dungeon Crawl Stone Soup version 0.30-a0-728-gc68057be0a (webtiles) character file.

Game seed: 5742636085504928959

257 testman the Grave Robber (level 5, -3/37 HPs)
             Began as a Demonspawn Necromancer on Jan 31, 2023.
             Was a Priest of Fedhas.
             Slain by an orc
             ... wielding a +0 flail
              (4 damage)
             ... on level 4 of the Dungeon.
             The game lasted 00:10:28 (2735 turns).

testman the Grave Robber (Demonspawn Necromancer)   Turns: 2735, Time: 00:10:29

Health: -3/37      AC:  3    Str:  9    XL:     5   Next: 93%
Magic:  5/9        EV: 12    Int: 24    God:    Fedhas [***...]
Gold:   96         SH:  0    Dex: 13    Spells: 2/10 levels left

rFire   . . .      SeeInvis .    x - +2 whip (elec)
rCold   . . .      Faith    .    (no shield)
rNeg    . . .      Spirit   .    a - +0 robe
rPois   .          Reflect  +    (no helmet)
rElec   .          Harm     .    w - +0 cloak
rCorr   .          Rampage  .    (no gloves)
Will    .....                    (no boots)
Stlth   +                        u - amulet of reflection
HPRegen 0.26/turn                q - +6 ring of intelligence
MPRegen 0.11/turn                (no ring)

@: confused, mighty
A: claws 1, hooves 2, demonic magic 1
a: Renounce Religion, Wall of Briars, Grow Ballistomycete


You were on level 4 of the Dungeon.
You worshipped Fedhas.
Fedhas was most pleased with you.
You visited 1 branch of the dungeon, and saw 4 of its levels.

You collected 181 gold pieces.
You spent 85 gold pieces at shops.

Inventory:

Hand Weapons
 x - a +2 whip of electrocution (weapon)
Armour
 a - a +0 robe (worn)
 w - a +0 cloak (worn)
Magical Staves
 l - a staff of poison
Jewellery
 q - a +6 ring of intelligence (left claw)
 u - an amulet of reflection (around neck)
Wands
 f - a wand of digging (5)
Scrolls
 h - 2 scrolls of noise {unknown}
 m - a scroll of silence {unknown}
 o - a scroll of fog {unknown}
 r - a scroll of butterflies {unknown}
 s - a scroll of vulnerability {unknown}
 t - a scroll of teleportation {unknown}
 v - 3 scrolls of identify {unknown}
 y - a scroll of immolation {unknown}
 z - a scroll of enchant armour {unknown}
Potions
 b - a potion of magic
 c - a potion of haste {unknown}
 d - a potion of heal wounds {unknown}
 e - 2 potions of might
 g - 2 potions of flight {unknown}
 i - 2 potions of lignification {unknown}
 j - 3 potions of curing {unknown}
 n - a potion of brilliance {unknown}
 p - a potion of attraction {unknown}


   Skills:
 + Level 1.4 Fighting
 - Level 1.7 Dodging
 - Level 1.7 Stealth
 + Level 1.2 Unarmed Combat
 + Level 3.2 Spellcasting
 + Level 6.1 Necromancy
 + Level 2.7 Invocations


You had 2 spell levels left.
You knew the following spells:

 Your Spells              Type           Power      Damage    Failure   Level
a - Necrotise             Necr           100%       1d9       1%          1
b - Vampiric Draining     Necr           33%        2d8       2%          3
c - Animate Dead          Necr           33%        N/A       9%          4

Your spell library contained the following spells:

 Spells                   Type           Power      Damage    Failure   Level
 Ensorcelled Hibernation  Hex/Ice        6%         N/A       16%         2
 Agony                    Necr           33%        N/A       22%         5
 Anguish                  Hex/Necr       9%         N/A       30%         4
 Hailstorm                Conj/Ice       3%         3d3       32%         3
 Spider Form              Tmut/Pois      3%         N/A       32%         3
 Ice Form                 Ice/Tmut       3%         N/A       71%         4
 Simulacrum               Ice/Necr       9%         N/A       99%         6


Dungeon Overview and Level Annotations

Branches:
Dungeon (4/15)
 Temple: D:4-7

Altars:
Ashenzari
Fedhas
Gozag

Shops:
D:2 [*


Innate Abilities, Weirdness & Mutations

You have sharp fingernails.
You have hoof-like feet.
Spells you cast may paralyse adjacent enemies.


Message History

You kill the iguana!
Fedhas appreciates your contribution to the ecosystem.
The orc hits you but does no damage.
Your orc zombie closely misses something.
You barely miss the orc. Your kick misses the orc.
The orc is moderately wounded.
Something hits you.
The orc hits your orc zombie with a +0 flail!
Your orc zombie is destroyed!
You barely miss the orc. Your kick misses the orc.
The orc is moderately wounded.
Something hits you. The orc barely misses you.
The orc hits your orc zombie with a +0 flail!
Your orc zombie is destroyed!
You hit the orc.
The orc is almost dead.
The orc hits you with a +0 club. x2
You hit the orc. Lightning courses through the orc!
You kill the orc!
Fedhas appreciates your contribution to the ecosystem.
The orc closely misses you.
You hear some strange, mumbled words.
You are confused.
You hit the orc.
The orc is severely wounded.
The orc hits you with a +0 flail.
You hear some strange, mumbled words.
You are more confused.
You're too confused to cast spells.
You're too confused to move!
The orc hits you with a +0 flail!
* * * LOW HITPOINT WARNING * * *
You hear some strange, mumbled words.
A magic dart appears from out of thin air!
The magic dart hits you!
* * * LOW HITPOINT WARNING * * *
It was a potion of might.
You feel very mighty all of a sudden. The orc hits you with a +0 flail.
You die...
Fedhas appreciates your contribution to the ecosystem.

######### ........#
......)@################
......{o)).........ZZZZZ
........################
.......## .......
....... ....... .......
##..


You could see an orc.

Vanquished Creatures
  An orc priest (D:4)
  Crazy Yiuf (D:2)
  A hound (D:3)
  An iguana (D:4)
  5 adders
  A worm (D:4)
  A dart slug (D:1)
  8 orcs
  14 bats
  6 endoplasms
  3 giant cockroaches
  7 goblins
  3 hobgoblins
  3 kobolds (D:1)
  3 quokkas
  9 ball pythons
  3 frilled lizards
  7 rats
77 creatures vanquished.

Vanquished Creatures (collateral kills)
  A dart slug (D:1)
  An orc (D:2)
  A bat (D:2)
  An endoplasm (D:1)
  A quokka (D:3)
  A frilled lizard (D:1)
  A goblin (D:3)
  2 kobolds
  A rat (D:1)
10 creatures vanquished.

Vanquished Creatures (others)
  An endoplasm zombie (D:4)
  2 orc zombies (D:4)
3 creatures vanquished.

Grand Total: 90 creatures vanquished

Notes
Turn   | Place    | Note
-------+----------+-------------------------------------------
     0 | D:1      | testman the Demonspawn Necromancer began the quest for the
                  | Orb.
     0 | D:1      | Reached XP level 1. HP: 13/13 MP: 3/3
   160 | D:1      | Discovered your monstrous ancestry.
   160 | D:1      | Gained mutation: You have large cloven feet. [demonic
                  | ancestry]
   160 | D:1      | Reached XP level 2. HP: 19/19 MP: 5/5
   165 | D:1      | Found a faded altar of an unknown god.
   169 | D:1      | Prayed at the altar of an unknown god.
   169 | D:1      | Became a worshipper of Fedhas Madash
   169 | D:1      | Reached * piety under Fedhas
   400 | D:1      | Reached skill level 1 in Invocations
   645 | D:2      | Gained mutation: You have hoof-like feet. [demonic
                  | ancestry]
   645 | D:2      | Reached XP level 3. HP: 21/24 MP: 1/6
   735 | D:2      | Learned a level 3 spell: Vampiric Draining
   747 | D:2      | Found an opulent altar of Gozag.
   782 | D:2      | Reached skill level 5 in Necromancy
   971 | D:2      | Reached ** piety under Fedhas
   972 | D:2      | Gained mutation: You have sharp fingernails. [demonic
                  | ancestry]
   972 | D:2      | Reached XP level 4. HP: 12/30 MP: 4/8
   977 | D:2      | Learned a level 4 spell: Animate Dead
  1114 | D:2      | Found Ocugouf's Antique Armour Emporium.
  1595 | D:2      | Found Yfeiw's Assorted Antiques.
  1607 | D:2      | Bought a glowing blue amulet for 85 gold pieces
  1655 | D:2      | Found a runed translucent door.
  1656 | D:2      | Noticed Crazy Yiuf
  1663 | D:2      | Killed Crazy Yiuf
  1998 | D:3      | Gained mutation: Spells you cast may paralyse adjacent
                  | enemies. [demonic ancestry]
  1998 | D:3      | Reached XP level 5. HP: 36/36 MP: 3/9
  2012 | D:3      | Reached skill level 6 in Necromancy
  2197 | D:3      | Reached *** piety under Fedhas
  2246 | D:3      | Found a broken altar of Ashenzari.
  2525 | D:4      | Reached skill level 1 in Fighting
  2634 | D:4      | Reached skill level 1 in Unarmed Combat
  2734 | D:4      | HP: 1/37 [something/magic dart (7)]
  2735 | D:4      | Slain by an orc

Illustrated notes

Levels and vault maps discovered:
D:1:      lemuel_arrival_behind_the_door_large, layout_basic,
          ebering_ecumenical_altar_box, nrook_mini_backslash
D:2:      layout_basic, serial_shops, shop, nicolae_shop_overgrown_old_shop,
          basic_altar, uniq_crazy_yiuf_cottage
D:3:      layout_rooms, mainiacjoe_overflow_alcove_4, minmay_misc_feat_square,
          minivault_14, kennysheep_pointless_box
D:4:      layout_basic, nicolae_overflow_crystal_walls, serial_glass,
          glass_columns_a, glass_columns_a, gammafunk_ghost_mausoleum

Skill      XL: |  1  2  3  4  5 |
---------------+----------------+-----
Invocations    | 1 2 |  2.7
Necromancy     | 5 6 |  6.1
Spellcasting   | 3 |  3.2
Fighting       | 1 |  1.4
Unarmed Combat | 1 |  1.2
Dodging        | |  1.7
Stealth        | |  1.7

Action                     |  1- 3 |  4- 6 || total
---------------------------+-------+-------++-------
  Melee: Dagger            |    23 |       ||    23
         Unarmed           |     1 |       ||     1
         Punch             |     1 |       ||     1
         Whip              |    20 |    64 ||    84
         Kick              |     6 |    14 ||    20
   Cast: Necrotise         |    36 |    48 ||    84
         Vampiric Draining |       |     2 ||     2
         Animate Dead      |       |     2 ||     2
    Use: Potion            |       |     1 ||     1
   Stab: Sleeping          |     1 |     1 ||     2
 Armour: Robe              |    14 |    13 ||    27
  Dodge: Dodged            |    32 |    36 ||    68
  Block: Other             |       |     7 ||     7

Table legend: (Time is in decaauts)
 A = Elapsed time spent in this place.
 B = Non-inter-level travel time spent in this place.
 C = Inter-level travel time spent in this place.
 D = Time resting spent in this place.
 E = Time spent auto-exploring this place.
 F = Levels seen in this place.
 G = Mean time per level.
                   A        B        C        D        E       F      G
               +--------+--------+--------+--------+--------+-----+--------+
         Total |   2742 |   2595 |    147 |      0 |   2041 |   4 |  685.5 |
       Dungeon |   2742 |   2595 |    147 |      0 |   2041 |   4 |  685.5 |
               +--------+--------+--------+--------+--------+-----+--------+

Top non-repeatable levels by time:
     D:2: 1182 daAuts
     D:1: 627 daAuts
     D:3: 618 daAuts
     D:4: 314 daAuts
